Map: Alcyone LE

Players

ONSYDESolar (Solar)

  • Race: Zerg Zerg
  • League: Master
  • Spawn Location: 7:00

DKZherO (herO) - Winner!

  • Race: Protoss Protoss
  • League: Master
  • Spawn Location: 1:00

VOD

Have the link to the VOD?

Description

Time

  • Played on: Nov. 27, 2023, 4:24 a.m.
  • Length: 8:35
Show
View Real Time Build Order
Export as new Build Order

ONSYDESolar Zerg 

Build Orders: Hatch First 

Get SALT Encoding   

  12  0:00  Drone  
  13  0:12  Overlord  
  13  0:16  Drone  
  14  0:31  Drone x2  
  16  0:51  Hatchery, Drone  
  16  0:55  Drone  
  17  0:58  Drone  
  18  1:10  Extractor  
  17  1:16  Spawning Pool  
  17  1:17  Drone  
  17  1:20  Drone  
  18  1:29  Drone  
  19  1:39  Drone  
  20  1:52  Overlord  
  20  2:03  Zergling x2, Queen x2  
  20  2:04  Zergling x2  
  26  2:12  Metabolic Boost  
  26  2:13  Drone  
  26  2:14  Drone  
  28  2:24  Drone x2  
  30  2:37  Hatchery  
  30  2:39  Zergling x2  
  30  2:46  Queen  
  31  2:51  Zergling x2  
  31  2:53  Overlord  
  31  2:57  Drone x2  
  34  2:59  Zergling x2  
  35  3:11  Queen  
  35  3:12  Drone  
  38  3:16  Drone x3  
  41  3:20  Drone  
  41  3:25  Overlord  
  41  3:26  Drone  
  43  3:37  Spore Crawler  
  43  3:38  Spore Crawler  
  41  3:41  Spore Crawler  
  41  3:46  Drone x2  
  41  3:47  Overlord  
  45  3:49  Overlord  
  45  3:55  Queen  
  45  3:57  Queen  
  45  4:00  Drone  
  45  4:02  Overlord  
  50  4:04  Overlord  
  50  4:06  Drone x4  
  50  4:07  Drone  
  50  4:09  Drone  
  55  4:13  Spore Crawler  
  55  4:16  Queen  
  56  4:18  Spore Crawler  
  56  4:19  Drone  
  56  4:26  Drone x4  
  59  4:31  Spore Crawler  
  59  4:32  Drone x3  
  59  4:33  Spore Crawler  
  59  4:37  Zergling x6  
  64  4:43  Drone x3  
  64  4:44  Drone  
  64  4:45  Overlord  
  68  4:47  Drone  
  68  4:52  Zergling x6  
  72  4:57  Drone x2  
  72  4:59  Drone  
  75  5:05  Drone x3  
  78  5:12  Drone x6  
  81  5:18  Lair  
  81  5:19  Drone x2  
  82  5:23  Drone x2  
  82  5:27  Overlord  
  82  5:32  Zergling x8  
  82  5:35  Extractor  
  84  5:36  Extractor  
  84  5:37  Roach Warren  
  81  5:43  Drone x5  
  81  5:45  Extractor  
  81  5:46  Extractor  
  81  5:48  Zergling x2  
  85  5:53  Hatchery, Zergling x8  
  85  5:55  Drone x3  
  89  5:59  Zergling x2  
  89  6:00  Zergling x2  
  86  6:06  Drone  
  86  6:07  Evolution Chamber  
  83  6:12  Drone x2  
  83  6:13  Drone  
  83  6:17  Drone x3  
  89  6:19  Overlord  
  89  6:22  Zergling x4  
  89  6:23  Zergling x4  
  89  6:24  Drone x3, Overseer  
  89  6:25  Glial Reconstitution  
  96  6:28  Extractor, Infestation Pit  
  93  6:34  Drone x2  
  93  6:36  Drone, Zerg Missile Weapons Level 1  
  96  6:42  Overlord  
  96  6:43  Overlord  
  96  6:45  Roach x3  
  96  6:47  Drone x3  
  102  6:48  Roach  
  102  6:51  Hydralisk Den  
  103  7:00  Roach x2  
  103  7:01  Roach  
  109  7:05  Overlord  
  109  7:08  Overlord  
  109  7:10  Drone x4  
  109  7:14  Hive  
  111  7:16  Overlord  
  111  7:20  Drone x2  
  111  7:22  Drone  
  112  7:23  Lurker Den  
  112  7:25  Drone x2  
  112  7:27  Grooved Spines  
  112  7:28  Roach x4  
  122  7:30  Drone, Queen, Extractor  
  122  7:31  Extractor  
  122  7:32  Overlord  
  122  7:36  Overseer  
  121  7:38  Drone, Roach x4  
  121  7:41  Zergling x2  
  121  7:42  Zergling x6  
  134  7:45  Roach x4  
  134  7:48  Overlord  
  134  7:50  Overlord  
  134  7:51  Zergling x2  
  139  7:58  Roach x4  
  139  8:02  Roach x2  
  139  8:05  Overlord  
  144  8:06  Roach  
  144  8:08  Roach  
  144  8:11  Roach x2  
  135  8:16  Roach x3  
Show
View Real Time Build Order
Export as new Build Order

DKZherO Protoss - Winner!

Build Orders: 1 Gate Expand, Oracle Opening 

Get SALT Encoding   

  12  0:00  Probe  
  13  0:12  Probe  
  14  0:20  Pylon  
  14  0:24  Probe (Chrono Boost)  
  15  0:39  Probe (Chrono Boost)  
  15  0:42  Gateway  
  16  0:46  Probe (Chrono Boost)  
  17  0:50  Assimilator  
  17  0:53  Probe  
  18  1:05  Probe  
  19  1:18  Probe  
  20  1:26  Nexus  
  20  1:38  Cybernetics Core  
  20  1:39  Probe  
  21  1:47  Assimilator  
  21  1:52  Probe  
  22  1:55  Pylon  
  22  2:04  Probe  
  23  2:11  Adept (Chrono Boost)  
  25  2:16  Probe  
  25  2:18  Stargate  
  26  2:27  Warp Gate  
  26  2:28  Probe (Chrono Boost)  
  27  2:36  Stalker  
  29  2:39  Probe (Chrono Boost)  
  31  2:46  Probe (Chrono Boost)  
  31  2:49  Probe (Chrono Boost)  
  32  2:53  Probe (Chrono Boost)  
  32  2:54  Probe (Chrono Boost)  
  34  3:01  Oracle (Chrono Boost)  
  34  3:04  Probe  
  39  3:05  Probe  
  39  3:09  Pylon  
  39  3:11  Adept  
  41  3:16  Probe  
  41  3:17  Probe  
  43  3:31  Gateway, Probe x2  
  43  3:33  Oracle (Chrono Boost)  
  46  3:49  Probe x2  
  48  3:59  Nexus  
  48  4:02  Oracle (Chrono Boost)  
  47  4:03  Probe x2  
  51  4:12  Assimilator x2  
  51  4:15  Pylon  
  52  4:17  Probe x2  
  53  4:29  Probe  
  54  4:33  Probe  
  54  4:35  Adept  
  54  4:36  Adept  
  54  4:37  Pylon  
  59  4:41  Probe  
  59  4:45  Probe  
  61  4:46  Twilight Council  
  61  4:47  Forge  
  61  4:54  Probe  
  61  4:56  Adept  
  61  4:57  Adept, Probe  
  67  5:06  Probe  
  68  5:09  Probe  
  68  5:13  Blink  
  69  5:18  Protoss Ground Weapons Level 1 (Chrono Boost)  
  69  5:19  Probe x2  
  69  5:21  Probe  
  70  5:32  Probe (Chrono Boost)  
  70  5:33  Probe (Chrono Boost)  
  70  5:34  Probe (Chrono Boost)  
  70  5:36  Adept x2  
  70  5:40  Gateway  
  70  5:42  Gateway  
  70  5:44  Probe (Chrono Boost)  
  70  5:45  Probe x2 (Chrono Boost)  
  73  5:50  Probe x3 (Chrono Boost)  
  73  5:56  Adept x2  
  79  5:59  Probe x2  
  79  6:00  Probe  
  79  6:03  Pylon  
  78  6:11  Probe x2  
  74  6:12  Robotics Facility, Probe  
  74  6:14  Gateway  
  74  6:16  Gateway  
  74  6:19  Gateway  
  74  6:21  Gateway  
  74  6:25  Stalker x2  
  77  6:32  Oracle (Chrono Boost)  
  74  6:33  Shield Battery  
  74  6:36  Stalker  
  74  6:39  Zealot  
  81  6:49  Pylon  
  81  6:51  Pylon  
  81  6:52  Stalker x2  
  85  6:55  Pylon  
  85  6:56  Warp Prism (Chrono Boost)  
  85  6:59  Assimilator  
  87  7:02  Assimilator  
  87  7:04  Stalker x2  
  87  7:06  Pylon  
  91  7:14  Stalker x3  
  97  7:21  Stalker x2  
  101  7:29  Observer  
  102  7:32  Pylon  
  102  7:41  Stalker x3  
  102  7:42  Stalker  
  102  7:43  Stalker x2  
  114  7:44  Stalker x2  
  114  7:48  Pylon x2  
  118  8:05  Stalker x4  
  118  8:06  Stalker  
  118  8:08  Stalker x3  
  122  8:22  Cybernetics Core  
  119  8:30  Zealot x6  
  119  8:31  Zealot x2  
Tags
 
Add a new tag
Caveats
  • Supply blocks, unpowered buildings, or Contaminate may cause inaccurate times.
  • Supply counts are checked every 10 seconds.